TOP OF THE 1ST |
Athletic Club KC Reserves batting - Pitching for Bloomington Longnecks : RHP Jim Unknown
|
Pitching: RHP Jim Unknown
|
|
Batting: RHB Javier Díaz
|
0-0: Ball 1-0: Foul Ball, location: 2F 1-1: Fly out, F8 (Flyball, 8RM)
|
Batting: RHB Karl Stevens
|
0-0: Foul Ball, location: 2F 0-1: Ball 1-1: Swinging Strike 1-2: Fly out, F8 (Flyball, 8RM)
|
Batting: LHB Rafael García
|
0-0: Called Strike 0-1: Ball 1-1: Ball 2-1: Fly out, F7 (Flyball, 7S)
|
Top of the 1st over - 0 run(s), 0 hit(s), 0 error(s), 0 left on base; Athletic Club KC 0 - Bloomington 0 |
BOTTOM OF THE 1ST |
Bloomington Longnecks batting - Pitching for Athletic Club KC Reserves : RHP Torvald Geertsen
|
Pitching: RHP Torvald Geertsen
|
|
Batting: RHB Jim Unknown
|
0-0: Ground out 1-3 (Groundball, 15)
|
Batting: SHB Jim Unknown
|
0-0: Called Strike 0-1: Swinging Strike 0-2: Ball 1-2: Ball 2-2: Strikes out swinging
|
Batting: RHB Jim Unknown
|
0-0: Called Strike 0-1: Ball 1-1: Fly out, F2 (Popup, 2RF)
|
Bottom of the 1st over - 0 run(s), 0 hit(s), 0 error(s), 0 left on base; Athletic Club KC 0 - Bloomington 0 |
TOP OF THE 2ND |
Athletic Club KC Reserves batting - Pitching for Bloomington Longnecks : RHP Jim Unknown
|
Batting: RHB Bill Dennis
|
0-0: Ball 1-0: Foul Ball, location: 2F 1-1: SINGLE (Flyball, 9LS)
|
Batting: LHB Kenko Ueda
|
0-0: Ball 1-0: Called Strike 1-1: Fly out, F8 (Flyball, 8LS)
|
Batting: RHB Adam Hennessey
|
0-0: Called Strike 0-1: Ball 1-1: Ball 2-1: Ball 3-1: Base on Balls Bill Dennis to second
|
Batting: RHB Justin Miles
|
0-0: Ball 1-0: Foul Ball, location: 2F 1-1: Called Strike 1-2: Ball 2-2: Ball 3-2: Base on Balls Bill Dennis to third Adam Hennessey to second
|
Batting: RHB Jason Dunn
|
0-0: Ball 1-0: Ball 2-0: Fly out, F5 (Line Drive, 5L) 2-0: Lined into DP, U5 (Line Drive, 5L)
|
Top of the 2nd over - 0 run(s), 1 hit(s), 0 error(s), 2 left on base; Athletic Club KC 0 - Bloomington 0 |
BOTTOM OF THE 2ND |
Bloomington Longnecks batting - Pitching for Athletic Club KC Reserves : RHP Torvald Geertsen
|
Batting: LHB Jim Unknown
|
0-0: Ball 1-0: Ball 2-0: Ball 3-0: Base on Balls
|
Batting: RHB Jim Unknown
|
0-0: Ball 1-0: Ball Jim Unknown steals 2nd base 2-0: Ground out 2-3 (Groundball, 25) Jim Unknown to third
|
Batting: LHB Jim Unknown
|
0-0: Called Strike 0-1: Ball 1-1: Swinging Strike 1-2: Strikes out swinging
|
Batting: RHB Jim Unknown
|
0-0: Ball 1-0: Ball 2-0: Fly out, F8 (Popup, 8RM)
|
Bottom of the 2nd over - 0 run(s), 0 hit(s), 0 error(s), 1 left on base; Athletic Club KC 0 - Bloomington 0 |
TOP OF THE 3RD |
Athletic Club KC Reserves batting - Pitching for Bloomington Longnecks : RHP Jim Unknown
|
Batting: RHB Allen Murphy
|
0-0: Ball 1-0: Ball 2-0: Called Strike 2-1: Ground out 6-3 (Groundball, 6M)
|
Batting: RHB Javier Díaz
|
0-0: Ball 1-0: Ball 2-0: Fly out, F9 (Flyball, 9M)
|
Batting: RHB Karl Stevens
|
0-0: Called Strike 0-1: Called Strike 0-2: SINGLE (Groundball, 56D)
|
Batting: LHB Rafael García
|
0-0: Ground out 4-3 (Groundball, 4)
|
Top of the 3rd over - 0 run(s), 1 hit(s), 0 error(s), 1 left on base; Athletic Club KC 0 - Bloomington 0 |
BOTTOM OF THE 3RD |
Bloomington Longnecks batting - Pitching for Athletic Club KC Reserves : RHP Torvald Geertsen
|
Batting: RHB Jim Unknown
|
0-0: Fly out, F8 (Flyball, 8RM)
|
Batting: RHB Jim Unknown
|
0-0: Called Strike 0-1: Foul Ball, location: 2F 0-2: Ball 1-2: Ball 2-2: Strikes out swinging
|
Batting: RHB Jim Unknown
|
0-0: Called Strike 0-1: Ball 1-1: Swinging Strike 1-2: Ball 2-2: Fly out, F9 (Flyball, 9LM)
|
Bottom of the 3rd over - 0 run(s), 0 hit(s), 0 error(s), 0 left on base; Athletic Club KC 0 - Bloomington 0 |
TOP OF THE 4TH |
Athletic Club KC Reserves batting - Pitching for Bloomington Longnecks : RHP Jim Unknown
|
Batting: RHB Bill Dennis
|
0-0: Ground out 5-3 (Groundball, 56)
|
Batting: LHB Kenko Ueda
|
0-0: Ground out U3 (Groundball, 3S)
|
Batting: RHB Adam Hennessey
|
0-0: Called Strike 0-1: Ball 1-1: Called Strike 1-2: SINGLE (Line Drive, 89S)
|
Batting: RHB Justin Miles
|
0-0: Foul Ball, location: 2F 0-1: Called Strike 0-2: Foul Ball, location: 2F 0-2: Fly out, F3 (Popup, 4)
|
Top of the 4th over - 0 run(s), 1 hit(s), 0 error(s), 1 left on base; Athletic Club KC 0 - Bloomington 0 |
BOTTOM OF THE 4TH |
Bloomington Longnecks batting - Pitching for Athletic Club KC Reserves : RHP Torvald Geertsen
|
Batting: SHB Jim Unknown
|
0-0: Fly out, F7 (Flyball, 56D)
|
Batting: RHB Jim Unknown
|
0-0: Swinging Strike 0-1: Ball 1-1: SOLO HOME RUN (Flyball, 78XD), Distance : 399 ft
|
Batting: LHB Jim Unknown
|
0-0: Ball 1-0: Ball 2-0: Ground out 6-3 (Groundball, 6)
|
Batting: RHB Jim Unknown
|
0-0: Foul Ball, location: 2F 0-1: Ball 1-1: Ball 2-1: Ball 3-1: SINGLE (Groundball, 6)
|
Batting: LHB Jim Unknown
|
0-0: Called Strike 0-1: Ball 1-1: Called Strike 1-2: Foul Ball, location: 2F 1-2: Foul Ball, location: 2F 1-2: Strikes out swinging
|
Bottom of the 4th over - 1 run(s), 2 hit(s), 0 error(s), 1 left on base; Athletic Club KC 0 - Bloomington 1 |
TOP OF THE 5TH |
Athletic Club KC Reserves batting - Pitching for Bloomington Longnecks : RHP Jim Unknown
|
Batting: RHB Jason Dunn
|
0-0: Called Strike 0-1: Called Strike 0-2: Ball 1-2: Ground out 6-3 (Groundball, 6M)
|
Batting: RHB Allen Murphy
|
0-0: Ball 1-0: SINGLE (Line Drive, 6MD)
|
Batting: RHB Javier Díaz
|
0-0: Ball 1-0: Swinging Strike 1-1: Foul Ball, location: 2F 1-2: Ball 2-2: Strikes out swinging
|
Batting: RHB Karl Stevens
|
0-0: Ball 1-0: SINGLE (Groundball, 56D) Allen Murphy to second
|
Batting: LHB Rafael García
|
0-0: Ball 1-0: Fly out, F8 (Flyball, 8LM)
|
Top of the 5th over - 0 run(s), 2 hit(s), 0 error(s), 2 left on base; Athletic Club KC 0 - Bloomington 1 |
BOTTOM OF THE 5TH |
Bloomington Longnecks batting - Pitching for Athletic Club KC Reserves : RHP Torvald Geertsen
|
Batting: RHB Jim Unknown
|
0-0: DOUBLE (Line Drive, 7LS)
|
Batting: RHB Jim Unknown
|
0-0: Called Strike 0-1: Ball 1-1: Foul Ball, location: 2F 1-2: Ball 2-2: 2-RUN HOME RUN (Flyball, 7D), Distance : 386 ft
|
Batting: RHB Jim Unknown
|
0-0: Called Strike 0-1: Ball 1-1: Ball 2-1: Foul Ball, location: 2F 2-2: Foul Ball, location: 2F 2-2: Strikes out swinging
|
Batting: RHB Jim Unknown
|
0-0: Ball 1-0: Ball 2-0: Ball 3-0: Called Strike 3-1: Ground out 5-3 (Groundball, 56)
|
Batting: SHB Jim Unknown
|
0-0: Ball 1-0: Fly out, F9 (Flyball, 89S)
|
Bottom of the 5th over - 2 run(s), 2 hit(s), 0 error(s), 0 left on base; Athletic Club KC 0 - Bloomington 3 |
TOP OF THE 6TH |
Athletic Club KC Reserves batting - Pitching for Bloomington Longnecks : RHP Jim Unknown
|
Batting: RHB Bill Dennis
|
0-0: Ball 1-0: Called Strike 1-1: Ball 2-1: Called Strike 2-2: Ball 3-2: SOLO HOME RUN (Flyball, 7D), Distance : 394 ft
|
Batting: LHB Kenko Ueda
|
0-0: Ball 1-0: Ball 2-0: Called Strike 2-1: Fly out, F8 (Flyball, 8RS)
|
Batting: RHB Adam Hennessey
|
0-0: Reached on error, E4 (Groundball, 13)
|
Batting: RHB Justin Miles
|
0-0: Ball 1-0: Ball Throwing error on steal attempt, E2 Adam Hennessey to third 2-0: Ball 3-0: Called Strike 3-1: Ground out 5-3 (Groundball, 5L)
|
Batting: RHB Jason Dunn
|
0-0: Called Strike 0-1: Ball 1-1: Ground out 6-3 (Groundball, 6)
|
Top of the 6th over - 1 run(s), 1 hit(s), 2 error(s), 1 left on base; Athletic Club KC 1 - Bloomington 3 |
BOTTOM OF THE 6TH |
Bloomington Longnecks batting - Pitching for Athletic Club KC Reserves : RHP Torvald Geertsen
|
Batting: RHB Jim Unknown
|
0-0: Foul Ball, location: 2F 0-1: Foul Ball, location: 2F 0-2: Ball 1-2: Strikes out swinging
|
Batting: LHB Jim Unknown
|
0-0: Called Strike 0-1: Ball 1-1: SINGLE (Groundball, 56D)
|
Batting: RHB Jim Unknown
|
0-0: SINGLE (Groundball, 6MD) Jim Unknown to second
|
Batting: LHB Jim Unknown
|
0-0: Called Strike 0-1: Foul Ball, location: 2F 0-2: Foul Ball, location: 2F 0-2: Ball 1-2: Ball 2-2: Ground out 3-1 (Groundball, 34) Jim Unknown to third Jim Unknown to second
|
Batting: RHB Jim Unknown
|
0-0: Ball 1-0: Called Strike 1-1: Foul Ball, location: 2F 1-2: Foul Ball, location: 2F 1-2: Fly out, F9 (Flyball, 89D)
|
Bottom of the 6th over - 0 run(s), 2 hit(s), 0 error(s), 2 left on base; Athletic Club KC 1 - Bloomington 3 |
TOP OF THE 7TH |
Athletic Club KC Reserves batting - Pitching for Bloomington Longnecks : RHP Jim Unknown
|
Batting: RHB Allen Murphy
|
0-0: Called Strike 0-1: Ball 1-1: Called Strike 1-2: Ball 2-2: Foul Ball, location: 2F 2-2: Fly out, F8 (Flyball, 89S)
|
Batting: RHB Javier Díaz
|
0-0: Foul Ball, location: 2F 0-1: Foul Ball, location: 2F 0-2: Ball 1-2: Fly out, F9 (Flyball, 9M)
|
Batting: RHB Karl Stevens
|
0-0: Ball 1-0: Fly out, F8 (Line Drive, 78M)
|
Top of the 7th over - 0 run(s), 0 hit(s), 0 error(s), 0 left on base; Athletic Club KC 1 - Bloomington 3 |
BOTTOM OF THE 7TH |
Bloomington Longnecks batting - Pitching for Athletic Club KC Reserves : RHP Torvald Geertsen
|
Batting: RHB Jim Unknown
|
0-0: Ball 1-0: Swinging Strike 1-1: Foul Ball, location: 2F 1-2: Ground out 1-3 (Groundball, 15)
|
Batting: RHB Jim Unknown
|
0-0: Called Strike 0-1: Swinging Strike 0-2: DOUBLE (Line Drive, 5D)
|
Batting: RHB Jim Unknown
|
0-0: Intentional Walk
|
Batting: SHB Jim Unknown
|
0-0: Ball 1-0: Foul Ball, location: 2F 1-1: 3-RUN HOME RUN (Flyball, 89XD), Distance : 372 ft
|
Pitching: RHP Gerd Jans
|
|
Batting: RHB Jim Unknown
|
0-0: DOUBLE (Flyball, 9LM)
|
Batting: LHB Jim Unknown
|
0-0: Called Strike 0-1: Ball 1-1: Fly out, F8 (Flyball, 8LD) Runner from 2nd tags up, SAFE at 3rd, no throw
|
Batting: RHB Jim Unknown
|
0-0: Called Strike 0-1: Called Strike 0-2: Ball 1-2: Fly out, F6 (Line Drive, 6)
|
Bottom of the 7th over - 3 run(s), 3 hit(s), 0 error(s), 1 left on base; Athletic Club KC 1 - Bloomington 6 |
TOP OF THE 8TH |
Athletic Club KC Reserves batting - Pitching for Bloomington Longnecks : RHP Jim Unknown
|
Batting: LHB Rafael García
|
0-0: Ball 1-0: Ball 2-0: Foul Ball, location: 2F 2-1: Ball 3-1: Swinging Strike 3-2: Ground out 4-3 (Groundball, 4)
|
Batting: RHB Bill Dennis
|
0-0: Called Strike 0-1: Ball 1-1: Foul Ball, location: 2F 1-2: Strikes out looking
|
Batting: LHB Kenko Ueda
|
0-0: Ball 1-0: Swinging Strike 1-1: Swinging Strike 1-2: Fly out, F8 (Flyball, 8RD)
|
Top of the 8th over - 0 run(s), 0 hit(s), 0 error(s), 0 left on base; Athletic Club KC 1 - Bloomington 6 |
BOTTOM OF THE 8TH |
Bloomington Longnecks batting - Pitching for Athletic Club KC Reserves : RHP Gerd Jans
|
Batting: LHB Jim Unknown
|
0-0: Foul Ball, location: 2F 0-1: Called Strike 0-2: Ball 1-2: Foul Ball, location: 2F 1-2: Strikes out looking
|
Batting: RHB Jim Unknown
|
0-0: Called Strike 0-1: Ball 1-1: Foul Ball, location: 2F 1-2: Foul Ball, location: 2F 1-2: Fly out, F6 (Popup, 56)
|
Batting: RHB Jim Unknown
|
0-0: Ball 1-0: Ball 2-0: Ball 3-0: Called Strike 3-1: Called Strike 3-2: Foul Ball, location: 2F 3-2: SOLO HOME RUN (Flyball, 8LXD), Distance : 425 ft
|
Batting: RHB Jim Unknown
|
0-0: Swinging Strike 0-1: Called Strike 0-2: Ball 1-2: Ball 2-2: Ground out U3 (Groundball, 3S)
|
Bottom of the 8th over - 1 run(s), 1 hit(s), 0 error(s), 0 left on base; Athletic Club KC 1 - Bloomington 7 |
TOP OF THE 9TH |
Athletic Club KC Reserves batting - Pitching for Bloomington Longnecks : RHP Jim Unknown
|
Batting: RHB Adam Hennessey
|
0-0: Called Strike 0-1: Swinging Strike 0-2: Fly out, F7 (Flyball, 7M)
|
Batting: RHB Justin Miles
|
0-0: Foul Ball, location: 2F 0-1: Ball 1-1: Swinging Strike 1-2: Strikes out swinging
|
Batting: RHB Jason Dunn
|
0-0: Called Strike 0-1: Ball 1-1: Called Strike 1-2: Foul Ball, location: 2F 1-2: Ground out 4-3 (Groundball, 4)
|
Top of the 9th over - 0 run(s), 0 hit(s), 0 error(s), 0 left on base; Athletic Club KC 1 - Bloomington 7 |
|